 Dungeon Crawl Stone Soup version 0.27-a0-899-ge2d0b17c59 (webtiles) character file.

Game seed: 15264324498788095869

118 heikuro the Skirmisher (level 5, -22/37 HPs)
             Began as a Formicid Abyssal Knight on Apr 5, 2021.
             Was a Follower of Lugonu.
             Annihilated by an ogre
             ... wielding a +0 giant club
              (26 damage)
             ... on level 3 of the Dungeon.
             The game lasted 00:06:23 (2983 turns).

heikuro the Skirmisher (Formicid Abyssal Knight)    Turns: 2983, Time: 00:06:23

Health: -22/37     AC: 10    Str: 17    XL:     5   Next: 23%
Magic:  16/16      EV: 11    Int: 12    God:    Lugonu [*.....]
Gold:   69         SH:  0    Dex: 12    Spells: 4/4 levels left

rFire    . . .     SeeInvis +   a - +1 hand axe
rCold    . . .     Faith    .   (no shield)
rNeg     . . .     Spirit   .   d - +0 chain mail
rPois    .         Reflect  .   (helmet unavailable)
rElec    +         Harm     .   (no cloak)
rCorr    .         Rampage  .   e - +0 pair of gloves
Will     .....                  (no boots)
Stlth    ..........             (no amulet)
HPRegen  0.12/turn              l - ring of magical power
MPRegen  0.15/turn              b - +4 ring of evasion

@: no status effects
A: permanent stasis, dig shafts and tunnels, antennae 3, four strong arms, agile
1, frail 1, electricity resistance, wild magic 1
a: Dig, Shaft Self, Renounce Religion, Depart the Abyss


You were on level 3 of the Dungeon.
You worshipped Lugonu.
Lugonu was aware of your devotion.
You visited 1 branch of the dungeon, and saw 3 of its levels.
You visited the Abyss 1 time.

You collected 69 gold pieces.

Inventory:

Hand Weapons
 a - a +1 hand axe (weapon)
Armour
 d - a +0 chain mail (worn)
 e - a +0 pair of gloves (worn)
Jewellery
 b - a +4 ring of evasion (right hand)
 l - a ring of magical power (left hand)
Scrolls
 c - a scroll of identify
 f - 2 scrolls of brand weapon {unknown}
 h - 2 scrolls of amnesia {unknown}
 i - 5 scrolls of teleportation {unknown}
 k - a scroll of enchant weapon {unknown}
 n - 2 scrolls of enchant armour {unknown}
Potions
 g - 2 potions of flight
 j - a potion of heal wounds
 m - 2 potions of cancellation


   Skills:
 + Level 4.0 Fighting
 * Level 3.4 Axes
 + Level 3.1 Armour
 - Level 1.0 Dodging
 + Level 3.2 Invocations


You had 4 spell levels left.
You didn't know any spells.
Your spell library contained the following spells:

 Spells                   Type           Power      Damage    Failure   Level
 Dazzling Flash           Conj/Hex       0%         N/A       100%        3
 Static Discharge         Conj/Air       0%         N/A       100%        3
 Stone Arrow              Conj/Erth      0%         3d7       100%        3
 Summon Forest            Summ/Tloc      0%         N/A       100%        5
 Iron Shot                Conj/Erth      0%         9d1       100%        6


Dungeon Overview and Level Annotations

Branches:
Dungeon (3/15)

Altars:
Uskayaw

Shops:
D:1 [


Innate Abilities, Weirdness & Mutations

You cannot be hasted, slowed, berserked, paralysed or teleported.
You can dig through walls and to a lower floor.
You have a pair of large antennae on your head. (SInv)
Your four strong arms can wield two-handed weapons with a shield.
You are agile. (Dex +2)
You are frail. (-10% HP)
You are resistant to electric shocks. (rElec)
Your spells are a little harder to cast, but a little more powerful.


Message History

Lugonu accepts your kill.
Your Fighting skill increases to level 4!
No target in view!
No target in view!
Things that are here:
a +0 dagger; a stone; a kobold corpse
i - 5 scrolls labelled TUCAEW LUOL (gained 1)
n - a scroll labelled NISOKUISMI The goblin shouts!
You hit the goblin.
You kill the goblin!
Lugonu accepts your kill.
No target in view!
No target in view!
No target in view!
Found a scroll labelled NISOKUISMI.
You see here a scroll labelled NISOKUISMI.
n - 2 scrolls labelled NISOKUISMI (gained 1)
The ogre shouts!
You barely miss the ogre. The ogre barely misses you.
You hit the ogre.
The ogre is lightly wounded.
You hit the ogre.
The ogre is moderately wounded.
The ogre hits you with a +0 giant club!
You slash the ogre!
The ogre is heavily wounded.
The ogre barely misses you.
You hit the ogre.
The ogre is severely wounded.
The ogre hits you with a +0 giant club!
You hit the ogre.
The ogre is almost dead.
The ogre hits you with a +0 giant club!
* * * LOW HITPOINT WARNING * * *
You hit the ogre.
The ogre is almost dead.
The ogre hits you with a +0 giant club!!
Ouch! That really hurt!
You die...

...# #...##...#..#...
...# #...####.##.....
..######...####).......
.......................
...###.....##..........
.#..##.....#....<...... .
...)...#.....#####.......
............########.....
........>.......@O.......
.).......############....
.........# . .........#
.........# .........#
.........# .........#
.........#


You could see an ogre.

Vanquished Creatures
  Jessica (D:2)
  4 adders
  2 worms (D:3)
  2 dart slugs
  An orc (D:3)
  4 ball pythons
  5 endoplasms
  A giant cockroach (D:3)
  3 hobgoblins
  A quokka (D:1)
  3 bats (D:3)
  2 frilled lizards
  8 goblins
  5 kobolds
  4 rats
46 creatures vanquished.

Notes
Turn   | Place    | Note
-------+----------+-------------------------------------------
     0 | Abyss:1  | heikuro the Formicid Abyssal Knight began the quest for the
                  | Orb.
     0 | Abyss:1  | Reached XP level 1. HP: 18/18 MP: 2/2
    90 | Abyss:1  | Noticed a thrashing horror
    91 | Abyss:1  | Identified the Grimoire of Excruciating Companions
    93 | D:1      | Escaped the Abyss
   395 | D:1      | Found Nunuo's Antique Armour Shoppe.
   422 | D:1      | Found a faded altar of an unknown god.
   459 | D:1      | Reached skill level 1 in Dodging
   540 | D:1      | Reached XP level 2. HP: 21/24 MP: 3/3
   790 | D:1      | Reached * piety under Lugonu
  1093 | D:1      | Reached XP level 3. HP: 25/29 MP: 4/4
  1698 | D:2      | Noticed Jessica
  1706 | D:2      | Killed Jessica
  1707 | D:2      | Reached XP level 4. HP: 37/37 MP: 6/6
  2266 | D:3      | Found a hide-covered altar of Uskayaw.
  2279 | D:3      | Gained mutation: You are agile. (Dex +2) [potion of
                  | mutation]
  2279 | D:3      | Gained mutation: You are resistant to electric shocks.
                  | (rElec) [potion of mutation]
  2279 | D:3      | Gained mutation: You are frail. (-10% HP) [potion of
                  | mutation]
  2279 | D:3      | Gained mutation: Your spells are a little harder to cast,
                  | but a little more powerful. [potion of mutation]
  2521 | D:3      | Noticed an ogre
  2558 | D:2      | Reached XP level 5. HP: 29/37 MP: 7/7
  2926 | D:3      | Reached skill level 4 in Fighting
  2983 | D:3      | Annihilated by an ogre

Illustrated notes

Levels and vault maps discovered:
D:1:      heliophobic_arrival_glass_houses, layout_loops_corners, serial_shops,
          shop, basic_ecumenical_altar, minmay_heptomino_h4
D:2:      layout_basic, minivault_19, uniq_jessica
D:3:      layout_rooms, nicolae_uskayaw_murder_on_the_dancefloor

Skill      XL: |  1  2  3  4  5 |
---------------+----------------+-----
Dodging        | 1 |  1.0
Axes           | 3 |  3.4
Invocations    | 3 |  3.2
Armour         | 3 |  3.1
Fighting       | 4 |  4.0

Action                   |  1- 3 |  4- 6 || total
-------------------------+-------+-------++-------
Melee: Hand axe          |    84 |   104 ||   188
Invok: Depart the Abyss  |     1 |       ||     1
 Abil: Dig               |       |     1 ||     1
  Use: Scroll            |     4 |     2 ||     6
       Potion            |       |     1 ||     1
Armor: Chain mail        |    43 |    64 ||   107
Dodge: Dodged            |    33 |    54 ||    87

Table legend: (Time is in decaauts)
 A = Elapsed time spent in this place.
 B = Non-inter-level travel time spent in this place.
 C = Inter-level travel time spent in this place.
 D = Time resting spent in this place.
 E = Time spent auto-exploring this place.
 F = Levels seen in this place.
 G = Mean time per level.
                   A        B        C        D        E       F      G
               +--------+--------+--------+--------+--------+-----+--------+
         Total |   3017 |   2901 |    116 |    669 |   1386 |   4 |  754.2 |
       Dungeon |   2919 |   2803 |    116 |    669 |   1386 |   3 |  973.0 |
         Abyss |     97 |     97 |      0 |      0 |      0 |   1 |   97.0 |
               +--------+--------+--------+--------+--------+-----+--------+

Top non-repeatable levels by time:
     D:1: 1455 daAuts
     D:2: 968 daAuts
     D:3: 495 daAuts
 Abyss:1: 97 daAuts
